 Dungeon Crawl Stone Soup version 0.30-a0-800-g7c544603b3 (webtiles) character file.

Game seed: 6711367718355172258

177 Aneyh the Poker (level 5, -1/32 HPs)
             Began as a Tengu Monk on Feb 22, 2023.
             Slain by an orc priest
             ... wielding a +0 trident
              (5 damage)
             ... on level 3 of the Dungeon.
             The game lasted 00:04:33 (1895 turns).

Aneyh the Poker (Tengu Monk)                        Turns: 1895, Time: 00:04:33

Health: -1/32      AC:  6    Str: 13    XL:     5   Next: 57%
Magic:  6/6        EV: 15    Int: 15    God:
Gold:   196        SH:  0    Dex: 20    Spells: 4/4 levels left

rFire   . . .      SeeInvis .    a - +0 spear
rCold   . . .      Faith    .    (no shield)
rNeg    . . .      Spirit   .    w - +0 leather armour "Bouplik" {Int+4 Dex+4}
rPois   .          Reflect  .    o - +2 hat
rElec   .          Harm     .    e - +0 cloak
rCorr   .          Rampage  .    (no gloves)
Will    .....                    (boots unavailable)
Stlth   ++                       p - amulet of regeneration
HPRegen 1.05/turn                (no ring)
MPRegen 0.10/turn                (no ring)

@: flying quickly and evasively, quick
A: beak, talons 3, nimble flight
a: no special abilities


You were on level 3 of the Dungeon.
You visited 1 branch of the dungeon, and saw 3 of its levels.

You collected 196 gold pieces.

Inventory:

Hand Weapons
 a - a +0 spear (weapon)
 d - a +1 dagger of speed
Missiles
 g - 3 boomerangs (quivered)
 i - 9 javelins
Armour
 b - a +0 robe
 e - a +0 cloak (worn)
 o - a +2 hat (worn)
 w - the +0 leather armour "Bouplik" (worn) {Int+4 Dex+4}
   (You found it on level 2 of the Dungeon)

   Int:       It affects your intelligence (+4).
   Dex:       It affects your dexterity (+4).
Jewellery
 p - an amulet of regeneration (around neck)
Wands
 q - a wand of charming (9)
 v - a wand of roots (7)
Scrolls
 f - 2 scrolls of blinking {unknown}
 h - 2 scrolls of identify {unknown}
 k - a scroll of fear {unknown}
 m - a scroll of immolation {unknown}
 r - a scroll of silence {unknown}
 u - a scroll of magic mapping {unknown}
 x - a scroll of vulnerability {unknown}
Potions
 j - 2 potions of lignification {unknown}
 l - a potion of might {unknown}
 n - a potion of attraction {unknown}
 s - a potion of flight {unknown}
 t - 2 potions of heal wounds {unknown}


   Skills:
 - Level 3.0 Fighting
 + Level 6.7 Polearms
 - Level 3.2 Dodging
 - Level 2.0 Stealth


You had 4 spell levels left.
You didn't know any spells.
Your spell library contained the following spells:

 Spells                   Type           Power      Damage    Failure   Level
 Sandblast                Erth           0%         2d4       34%         1
 Passwall                 Tmut/Erth      0%         N/A       45%         2
 Stone Arrow              Conj/Erth      0%         3d7       71%         3
 Ice Form                 Ice/Tmut       0%         N/A       98%         4
 Leda's Liquefaction      Hex/Erth       0%         N/A       98%         4
 Metabolic Englaciation   Hex/Ice        0%         N/A       100%        5
 Statue Form              Tmut/Erth      0%         N/A       100%        6


Dungeon Overview and Level Annotations

Branches:
Dungeon (3/15)

Altars:
Yredelemnul

Annotations:
D:2 1 runed translucent door, Crazy Yiuf
D:3 Robin


Innate Abilities, Weirdness & Mutations

You have a beak for a mouth.
You have claws for feet.
Your magical nature lets you fly swiftly and evasively.


Message History

You closely miss something. You claw something.
The orc priest hits you from afar with a +0 trident.
Something hits you but does no damage.
You hit something but do no damage. Your kick misses something.
You barely miss something. Your peck misses something. Something hits you.
The orc priest barely misses you.
You miss something.
You hear some strange, mumbled words.
You are confused.
The orc priest barely misses you.
You bump into the rock wall.
Something hits you but does no damage. The orc priest closely misses you.
You bump into the rock wall.
Something hits you. The orc priest misses you.
You barely miss something. You claw something. Something completely misses you.
The orc priest hits you from afar with a +0 trident.
You bump into the rock wall.
The orc priest closely misses you. Something hits you.
You completely miss something. You miss something. Your kick misses something.
The orc priest closely misses you. Something hits you but does no damage.
You bump into the rock wall.
You feel less confused.
The orc priest hits you from afar with a +0 trident.
The orc priest hits you with a +0 trident.
* * * LOW HITPOINT WARNING * * *
Something hits you.
* * * LOW HITPOINT WARNING * * *
You completely miss the orc priest. Your kick misses the orc priest.
Your peck misses the orc priest.
An orc wizard appears from thin air!
Reactivating autopickup.
The orc wizard hits you with a +0 dagger.
* * * LOW HITPOINT WARNING * * *
The orc priest completely misses you.
You hit the orc priest but do no damage.
Your kick misses the orc priest.
The orc wizard mumbles some strange words.
The orc wizard flickers and vanishes!
Deactivating autopickup; reactivate with Ctrl-A.
The orc priest hits you with a +0 trident.
You die...

#.# #. #.# #. .. ...
#.#### .. ... #.....
'##.. ###### ...# #[....
#########..# #.####
......{.#o.#####.##)....
#######@#o.#.....##..†..
#o#....## #.....
#o).)...#####.....
######..#.........
#####..#.....####
.............>#
#####.........####
#....<........
#..>....#.####


You could see an orc priest and an orc.

Vanquished Creatures
  An orc wizard (D:3)
  6 adders
  5 worms
  4 dart slugs
  2 orcs (D:3)
  4 ball pythons
  8 endoplasms
  5 giant cockroaches
  6 goblins
  4 hobgoblins
  4 jackals
  2 quokkas
  9 bats
  4 frilled lizards
  6 kobolds
  4 rats
74 creatures vanquished.

Vanquished Creatures (others)
  5 fungi (D:3)
  2 plants (D:3)
7 creatures vanquished.

Grand Total: 81 creatures vanquished

Notes
Turn   | Place    | Note
-------+----------+-------------------------------------------
     0 | D:1      | Aneyh the Tengu Monk began the quest for the Orb.
     0 | D:1      | Reached XP level 1. HP: 14/14 MP: 2/2
   138 | D:1      | Reached XP level 2. HP: 19/19 MP: 3/3
   145 | D:1      | Got the Parchment of the Stony Iceberg
   149 | D:1      | Reached skill level 4 in Polearms
   297 | D:1      | Reached XP level 3. HP: 19/23 MP: 4/4
   762 | D:3      | Reached skill level 5 in Polearms
   774 | D:3      | Identified the +2 helmet "Jasoisk" {rF+ MP+9}
   774 | D:3      | Noticed Robin
   841 | D:2      | Found a basalt altar of Yredelemnul.
   955 | D:2      | Reached XP level 4. HP: 28/28 MP: 5/5
  1294 | D:2      | Found a runed translucent door.
  1295 | D:2      | Noticed Crazy Yiuf
  1385 | D:2      | Reached skill level 6 in Polearms
  1399 | D:2      | Identified the +0 leather armour "Bouplik" {Int+4 Dex+4}
  1494 | D:2      | Gained mutation: Your magical nature lets you fly swiftly
                  | and evasively. [Tengu growth]
  1494 | D:2      | Reached XP level 5. HP: 32/32 MP: 6/6
  1895 | D:3      | Slain by an orc priest

Illustrated notes

Levels and vault maps discovered:
D:1:      scummos_arrival_forest, layout_rooms, dk_noncrumbling_2, minivault_23
D:2:      minmay_razor_zed, layout_loops_cross, basic_altar,
          minmay_misc_feat_roman, uniq_crazy_yiuf_cottage
D:3:      layout_basic, shapermc_ecumenical_altar_acropolis, uniq_robin

Skill      XL: |  1  2  3  4 |
---------------+-------------+-----
Polearms       | 4 5 6 |  6.7
Fighting       | |  3.0
Dodging        | |  3.2
Stealth        | |  2.0

Action                     |  1- 3 |  4- 6 || total
---------------------------+-------+-------++-------
  Melee: Spear             |   116 |   110 ||   226
         Kick              |    22 |    30 ||    52
         Peck              |    11 |    14 ||    25
         Punch             |       |     1 ||     1
    Use: Potion            |       |     1 ||     1
   Stab: Sleeping          |     8 |     8 ||    16
 Armour: Robe              |    12 |    11 ||    23
         Leather armour    |       |    17 ||    17
  Dodge: Dodged            |    45 |    53 ||    98

Table legend: (Time is in decaauts)
 A = Elapsed time spent in this place.
 B = Non-inter-level travel time spent in this place.
 C = Inter-level travel time spent in this place.
 D = Time resting spent in this place.
 E = Time spent auto-exploring this place.
 F = Levels seen in this place.
 G = Mean time per level.
                   A        B        C        D        E       F      G
               +--------+--------+--------+--------+--------+-----+--------+
         Total |   1824 |   1712 |    112 |      0 |   1142 |   3 |  608.0 |
       Dungeon |   1824 |   1712 |    112 |      0 |   1142 |   3 |  608.0 |
               +--------+--------+--------+--------+--------+-----+--------+

Top non-repeatable levels by time:
     D:2: 965 daAuts
     D:1: 641 daAuts
     D:3: 218 daAuts
